 Dungeon Crawl Stone Soup version 0.29.1-2-gbd0b4ee654 (webtiles) character file.

Game seed: 12402283153032263379

2391 plokij the Ducker (level 9, -2/79 HPs)
             Began as a Minotaur Fighter on Oct 23, 2022.
             Was a Believer of Okawaru.
             Shot with an arrow by a centaur (11 damage)
             ... on level 8 of the Dungeon.
             The game lasted 00:19:38 (8539 turns).

plokij the Ducker (Minotaur Fighter)                Turns: 8539, Time: 00:19:39

Health: -2/79      AC: 12    Str: 21    XL:     9   Next: 22%
Magic:  0/8        EV: 12    Int:  5    God:    Okawaru [**....]
Gold:   271        SH:  6    Dex: 14    Spells: 8/8 levels left

rFire   . . .      SeeInvis +   a - +0 long sword
rCold   + . .      Faith    .   c - +0 buckler
rNeg    . . .      Spirit   +   n - +3 scale mail {rC+}
rPois   .          Reflect  .   (helmet restricted)
rElec   .          Harm     .   (no cloak)
rCorr   .          Rampage  .   p - +0 pair of gloves
Will    .....                   (no boots)
Stlth   ..........              h - amulet of guardian spirit
HPRegen 0.23/turn               w - ring of see invisible
MPRegen 0.11/turn               (no ring)

@: no status effects
A: horns 2, retaliatory headbutt
a: Renounce Religion, Heroism


You were on level 8 of the Dungeon.
You worshipped Okawaru.
Okawaru was pleased with you.
You visited 2 branches of the dungeon, and saw 9 of its levels.

You collected 271 gold pieces.

Inventory:

Hand Weapons
 a - a +0 long sword (weapon)
 y - a +0 shortbow
Armour
 b - the +0 robe "Figov Rytidu" {Drain rElec rN+ Int+3}
   (You found it on level 2 of the Dungeon)

   Int:       It affects your intelligence (+3).
   rElec:     It insulates you from electricity.
   rN:        It protects you from negative energy.
   Drain:     It drains your maximum health when unequipped.
 c - a +0 buckler (worn)
 n - a +3 scale mail of cold resistance (worn)
 p - a +0 pair of gloves (worn)
Jewellery
 h - an amulet of guardian spirit (around neck)
 l - a ring of magical power
 w - a ring of see invisible (left hand)
 z - a ring of protection from cold
 B - a ring of protection from cold
Wands
 A - a wand of mindburst (17)
Scrolls
 e - 8 scrolls of identify {unknown}
 g - a scroll of blinking
 i - a scroll of summoning {unknown}
 j - 5 scrolls of enchant weapon {unknown}
 r - a scroll of magic mapping {unknown}
 s - a scroll of fog {unknown}
 t - 3 scrolls of immolation {unknown}
 u - 3 scrolls of teleportation {unknown}
 C - a scroll of vulnerability {unknown}
 D - a scroll of enchant armour {unknown}
Potions
 d - a potion of might
 f - a potion of flight {unknown}
 k - 2 potions of cancellation
 m - 2 potions of attraction {unknown}
 o - a potion of heal wounds {unknown}
 q - a potion of lignification {unknown}
 v - a potion of mutation {unknown}
 x - 2 potions of haste {unknown}


   Skills:
 + Level 7.1 Fighting
 + Level 7.1 Long Blades
 + Level 7.0 Armour
 + Level 7.3 Dodging
 + Level 7.0 Shields


You had 8 spell levels left.
You didn't know any spells.
Your spell library contained the following spells:

 Spells                   Type           Power      Damage    Failure   Level
 Magic Dart               Conj           0%         1d3       86%         1
 Sandblast                Erth           0%         2d4       86%         1
 Shock                    Conj/Air       0%         1d3       86%         1
 Passwall                 Tmut/Erth      0%         N/A       94%         2
 Poisonous Vapours        Pois/Air       0%         N/A       94%         2
 Searing Ray              Conj           0%         2d4       94%         2
 Frozen Ramparts          Ice            0%         1d1       99%         3
 Stone Arrow              Conj/Erth      0%         3d7       99%         3
 Swiftness                Air            0%         N/A       99%         3
 Airstrike                Air            0%         2d(0-16)  100%        4
 Corpse Rot               Necr/Pois/Air  0%         N/A       100%        4
 Fulminant Prism          Conj/Hex       0%         3d6       100%        4
 Ice Form                 Ice/Tmut       0%         N/A       100%        4
 Summon Ice Beast         Ice/Summ       Unusable   N/A       N/A         4

Dungeon Overview and Level Annotations

Branches:
Dungeon (8/15)             Temple (1/1) D:4
   Lair: D:8-11

Altars:
Ashenzari
Cheibriados
Dithmenos
Elyvilon
Fedhas
Gozag
Hepliaklqana
Nemelex Xobeh
Okawaru
Qazlal
Ru
Sif Muna
Trog
Uskayaw
Vehumet
Wu Jian
Xom
Zin
The Shining One

Annotations:
D:3 1 transporter, bmorgan's ghost, amateur HuFi
Temple 2 transporters


Innate Abilities, Weirdness & Mutations

You have a pair of horns on your head.
You reflexively headbutt those who attack you in melee.


Message History

Unknown command.
You start resting.
Magic restored.
You start resting.
A centaur comes into view.
It is quivering poisoned darts and carrying a wand of mindburst (19).
A centaur is nearby!
The centaur shouts!
The centaur wields a +0 shortbow.
The centaur shoots an arrow.
The arrow hits you.
You hear a bellow!
You see here a yak corpse.
The centaur zaps a wand.
You struggle to resist.
The centaur shoots an arrow.
The arrow misses you.
The centaur shoots an arrow.
The arrow hits you.
You hear a bellow!
The centaur shoots an arrow.
You block the arrow.
The centaur zaps a wand.
Your mind is blasted!
The centaur zaps a wand.
Your mind is blasted!
The centaur unwields a +0 shortbow.
The centaur hits you.
The centaur kicks you but does no damage.
A yak comes into view.
You are too injured to fight recklessly!
You are too injured to fight recklessly!
You are too injured to fight recklessly!
You are too injured to fight recklessly!
You are too injured to fight recklessly!
You are too injured to fight recklessly!
The centaur wields a +0 shortbow.
The centaur shoots an arrow.
The arrow misses you.
The centaur shoots an arrow.
The arrow hits you.
The centaur zaps a wand.
Your mind is blasted!
The centaur shoots an arrow.
The arrow hits you.
The centaur shoots an arrow.
The arrow barely misses you.
The centaur zaps a wand.
Your mind is blasted!
* * * LOW HITPOINT WARNING * * *
The centaur zaps a wand.
Your mind is blasted!
* * * LOW HITPOINT WARNING * * *
You see here a yak corpse.
The centaur shoots an arrow.
The arrow hits you!
You die...

.........YY# #.#
.###..$.#c# #.#
#........#.# #.#
#........#.# #.#
#........#.# #.#
'.....####.# #.#
'.###.####.# #.# '
#.....##†###.# .....
#@#...# ...
#.#.######## ### #.#
#(..........
#.####[######.#######.
#.#.........#.#
####.#.......#.#.#
##......##.##.#.#.#
##..##.#.##.#....#.#
#......#.##.#..#.#.#


You could see a centaur.

Vanquished Creatures
  Sigmund (D:6)
  A yak (D:8)
  Menkaure (D:6)
  2 water moccasins
  A sky beast (D:6)
  An ogre (D:6)
  2 kobold brigands (D:7)
  2 phantoms
  A bullfrog (D:6)
  A scorpion (D:7)
  8 wights
  5 killer bees (D:7)
  Crazy Yiuf (D:7)
  An orc priest (D:4)
  5 hounds
  3 iguanas
  An orc wizard (D:6)
  Natasha (D:3)
  Terence (D:1)
  4 adders
  A shadow imp (D:6)
  3 white imps
  An ufetubus (D:4)
  2 worms
  2 dart slugs
  13 orcs
  4 endoplasms
  2 giant cockroaches
  7 goblins
  9 hobgoblins
  3 jackals (D:1)
  32 kobolds
  3 quokkas
  11 ball pythons
  3 bats
  4 frilled lizards
  6 rats
149 creatures vanquished.

Vanquished Creatures (others)
  A dart slug (D:5)
  38 plants
39 creatures vanquished.

Grand Total: 188 creatures vanquished

Notes
Turn   | Place    | Note
-------+----------+-------------------------------------------
     0 | D:1      | plokij the Minotaur Fighter began the quest for the Orb.
     0 | D:1      | Reached XP level 1. HP: 19/19 MP: 0/0
   496 | D:1      | Reached XP level 2. HP: 27/27 MP: 1/1
   754 | D:1      | Reached skill level 1 in Dodging
  1041 | D:2      | Noticed Terence
  1103 | D:1      | Killed Terence
  1104 | D:1      | Reached XP level 3. HP: 8/33 MP: 2/2
  1108 | D:1      | HP: 1/33 [worm (4)]
  1471 | D:2      | Identified the +0 robe "Figov Rytidu" {Drain rElec rN+
                  | Int+3}
  1610 | D:2      | Reached XP level 4. HP: 40/40 MP: 3/3
  2598 | D:3      | Reached XP level 5. HP: 46/46 MP: 4/4
  2638 | D:3      | Noticed Natasha
  2649 | D:3      | Killed Natasha
  2707 | D:3      | Noticed bmorgan's ghost (amateur HuFi)
  2708 | D:3      | Found a transporter.
  2709 | D:3      | Noticed an ogre
  2722 | D:3      | Identified the +5 great mace "Teodylih" {vamp, rCorr Dex+2}
  2722 | D:3      | Noticed an ogre
  2908 | D:4      | Found a staircase to the Ecumenical Temple.
  2918 | Temple   | Entered the Ecumenical Temple
  2918 | Temple   | Found a transporter.
  2918 | Temple   | Found a transporter.
  2920 | Temple   | Found a transporter.
  2920 | Temple   | Found a transporter.
  2935 | Temple   | Became a worshipper of Warmaster Okawaru
  3279 | D:4      | You fall into a shaft and drop 1 floor!
  3279 | D:5      | Entered Level 5 of the Dungeon
  3882 | D:4      | Found a hazy altar of Hepliaklqana.
  4433 | D:5      | Reached XP level 6. HP: 51/53 MP: 5/5
  4543 | D:6      | Noticed Sigmund
  4554 | D:6      | Killed Sigmund
  4555 | D:6      | Reached skill level 5 in Long Blades
  4609 | D:6      | Reached skill level 5 in Fighting
  4705 | D:6      | Found a hide-covered altar of Uskayaw.
  4705 | D:6      | Found a stormy altar of Qazlal.
  4705 | D:6      | Found a shimmering altar of Xom.
  4788 | D:6      | Reached * piety under Okawaru
  4804 | D:6      | Noticed a water moccasin
  4814 | D:6      | Killed a water moccasin
  4815 | D:6      | Reached skill level 5 in Armour
  4815 | D:6      | Reached skill level 5 in Shields
  4815 | D:6      | Reached XP level 7. HP: 56/61 MP: 4/6
  5054 | D:6      | Reached skill level 5 in Dodging
  5649 | D:6      | Noticed Menkaure
  5964 | D:6      | Killed Menkaure
  5964 | D:6      | Reached ** piety under Okawaru
  5965 | D:6      | Reached XP level 8. HP: 70/70 MP: 7/7
  6087 | D:6      | Found a glowing golden altar of the Shining One.
  6639 | D:7      | HP: 3/60 [wight/+3 short sword (3)]
  7225 | D:7      | Found a runed translucent door.
  7226 | D:7      | Noticed Crazy Yiuf
  7236 | D:7      | Killed Crazy Yiuf
  7755 | D:7      | Reached XP level 9. HP: 75/78 MP: 6/8
  8539 | D:8      | Shot with an arrow by a centaur

Illustrated notes

Levels and vault maps discovered:
D:1:      roderic_crossed_star, layout_basic
D:2:      layout_basic, roderic_roman_lattice, uniq_terence
D:3:      layout_loops_ring, gammafunk_ghost_smash, minmay_shallow_snake_nest,
          uniq_natasha
D:4:      layout_loops_ring, nicolae_hepliaklqana_hippocampus,
          minmay_temple_entry_statues_fountains, corexii_item_surrounded_by_moat
D:5:      layout_basic, lemuel_flamethrower_2
D:6:      layout_basic, nicolae_tso_swordbearing_angel,
          gammafunk_temple_overflow_forgotten, minmay_bent, uniq_menkaure,
          uniq_sigmund
D:7:      kennysheep_kobold_camp, layout_basic, enter_bailey_2,
          uniq_crazy_yiuf_cottage
D:8:      layout_basic, st_stairs_8, kennysheep_donut, uniq_prince_ribbit1
Temple:   hellmonk_temple_divided_pantheon

Skill      XL: |  1  2  3  4  5  6  7  8  9 |
---------------+----------------------------+-----
Long Blades    | 3 4 5 6 7 |  7.1
Dodging        | 1 3 4 5 7 |  7.3
Fighting       | 4 5 6 7 |  7.1
Shields        | 4 5 6 7 |  7.0
Armour         | 4 5 6 7 |  7.0

Action                   |  1- 3 |  4- 6 |  7- 9 || total
-------------------------+-------+-------+-------++-------
Melee: Long sword        |    87 |   161 |   214 ||   462
       Headbutt          |    11 |    24 |    41 ||    76
Invok: Heroism           |       |       |     2 ||     2
  Use: Potion            |       |       |     3 ||     3
       Scroll            |       |       |     1 ||     1
Armor: Scale mail        |    37 |    54 |    91 ||   182
Dodge: Dodged            |    44 |    69 |   133 ||   246
Block: Buckler           |    14 |    39 |    65 ||   118
